 Dungeon Crawl Stone Soup version 0.32-a0-39-g5c88369fb2 (webtiles) character file.

Game seed: 4034452617814942144

3233 IndexError the Fighter (level 10, -5/82 HPs)
             Began as a Djinni Fire Elementalist on Jan 30, 2024.
             Was a Priest of Makhleb.
             Slain by an orc warrior
             ... wielding a +0 glaive
              (16 damage)
             ... in a bailey.
             The game lasted 00:19:00 (7670 turns).

IndexError the Fighter (Djinni Fire Elementalist)   Turns: 7670, Time: 00:19:00

Health: -5/82      AC:  5    Str:  7    XL:     10   Next: 18%
Gold:   502        EV: 12    Int: 22    God:    Makhleb [***...] SH:  0 Dex: 13

rFire   + + .        y - +4 spear
rCold   . . .        (no shield)
rNeg    + . .        n - +2 robe {rC+}
rPois   ∞            (no helmet)
rElec   .            C - +0 cloak
rCorr   .            (no gloves)
SInv    .            (boots unavailable)
Will    ++...        q - amulet of regeneration {+regen, !d}
Stlth   ++           h - ring of willpower
HPRegen 1.13/turn    z - ring of positive energy {rN+}
MPRegen 0.00/turn

%: infuse magic (-6 HP)
@: flying
A: sickness immunity, fire resistance 2, cold vulnerability 1, float, innate
caster, HP casting, extra vitality 1
a: Renounce Religion, Minor Destruction, Lesser Servant of Makhleb


You were in a bailey.
You worshipped Makhleb.
Makhleb was most pleased with you.
You visited 1 branch of the dungeon, and saw 8 of its levels.
You also visited: Bailey.

You collected 502 gold pieces.

Inventory:

Hand Weapons
 v - a +2 dagger of venom
   (You took it off an orc on level 5 of the Dungeon)
 y - a +4 spear (weapon)
   (You took it off a gnoll on level 5 of the Dungeon)
Missiles
 x - 3 throwing nets {=f, !d}
Armour
 n - a +2 robe of cold resistance (worn)
   (You took it off Sigmund on level 2 of the Dungeon)
 C - a +0 cloak (worn)
   (You found it on level 7 of the Dungeon)
 I - a +0 pair of gloves
   (You found it on level 8 of the Dungeon)
Jewellery
 h - a ring of willpower (left hand)
   (You found it on level 2 of the Dungeon)
 q - an amulet of regeneration (around neck) {+regen, !d}
   (You found it on level 3 of the Dungeon)
 z - a ring of positive energy (right hand) {rN+}
   (You found it on level 5 of the Dungeon)
 B - a ring of protection from fire {rF+, !d}
   (You found it on level 6 of the Dungeon)
Wands
 g - a wand of iceblast (18)
   (You found it on level 2 of the Dungeon)
 w - a wand of flame (34)
   (You found it on level 5 of the Dungeon)
 D - a wand of paralysis (9)
   (You found it on level 7 of the Dungeon)
 E - a wand of polymorph (9)
   (You found it on level 7 of the Dungeon)
 F - a wand of mindburst (5)
   (You found it on level 7 of the Dungeon)
Scrolls
 b - a scroll of poison {unknown}
 c - 3 scrolls of revelation {unknown}
 d - 8 scrolls of identify {unknown}
 f - 5 scrolls of teleportation {unknown}
 i - 2 scrolls of blinking {unknown}
 k - 4 scrolls of noise {unknown}
 s - a scroll of fear {unknown}
 u - a scroll of enchant armour {unknown}
 A - a scroll of amnesia {unknown}
 H - 2 scrolls of enchant weapon {unknown}
Potions
 a - 2 potions of brilliance {unknown}
 e - a potion of haste {unknown}
 j - 3 potions of curing {unknown}
 l - a potion of mutation {unknown}
 m - 2 potions of cancellation {unknown}
 o - 2 potions of heal wounds {unknown}
 p - 2 potions of lignification {unknown}
 r - a potion of degeneration {unknown}
 t - 2 potions of enlightenment {unknown}
 G - a potion of berserk rage {unknown}
 J - a potion of resistance {unknown}


   Skills:
 * Level 11.1 Fighting
 - Level 2.1 Dodging
 - Level 1.5 Stealth
 + Level 6.9 Spellcasting
 + Level 6.9 Conjurations
 + Level 6.9 Hexes
   Level 0.0 Charms
 + Level 6.9 Summonings
 + Level 6.9 Necromancy
 + Level 6.9 Translocations
   Level 0.0 Transmutations
 + Level 6.9 Fire Magic
 + Level 6.9 Ice Magic
 + Level 6.9 Air Magic
 + Level 6.9 Earth Magic
 + Level 6.9 Alchemy


You knew the following spells:

 Your Spells              Type           Power      Damage    Failure   Level
a - Foxfire               Conj/Fire      100%       2x1d9     1%          1
b - Scorch                Fire           76%        2d8       1%          2
c - Volatile Blastmotes   Fire/Tloc      76%        2d16      1%          3
d - Inner Flame           Hex/Fire       38%        N/A       1%          3
e - Flame Wave            Conj/Fire      38%        2d10      4%          4
f - Sandblast             Erth           76%        2d16      1%          1
g - Lesser Beckoning      Tloc           76%        N/A       1%          2
h - Frozen Ramparts       Ice            76%        1d12      1%          3
i - Petrify               Alch/Erth      38%        N/A       4%          4
Your spell library was empty.

Dungeon Overview and Level Annotations

Branches:
Dungeon (8/15)             Temple (0/1) D:6            Lair (0/5) D:8
 Bailey (1/1)

Altars:
Fedhas
Hepliaklqana
Makhleb
Qazlal
Uskayaw
Wu Jian
Zin

Shops:
D:2 ?[(:

Annotations:
D:6 2 transporters, anet's ghost, novice HOCj


Innate Abilities, Weirdness & Mutations

You are immune to sickness and miasma.
You are immune to poison.
Your flesh is very heat resistant. (rF++)
You are vulnerable to cold. (rC-)
You float through the air rather than walking.
You learn spells naturally, not from books.
Your magical power is your life essence.
You have superior vitality. (+4 MHP)


Message History

The bullfrog barely misses you.
You conjure some foxfire!
The foxfire hits the bullfrog. x2
Makhleb accepts your kill.
You feel better.
You regained 2 hp, and now have 69/82 hp.
You conjure some foxfire!
You reach down and open the door.
You regained 2 hp, and now have 73/82 hp.
There is an open door here.
You hear the quick creaking of a distant portcullis.
You reach down and open the door.
There is an open door here.
Health restored: 82 You reach down and open the door.
There is an open door here.
You reach down and open the door.
There is an open door here.
Found a stone staircase leading down.
There is a stone staircase leading down here.
You hear the quick creaking of a distant portcullis.
There is an open door here.
Found a sling.
Found a flagged portal.
d - 8 scrolls labelled TILINL FUUWK (gained 1)
There is a flagged portal here.
The world spins around you as you enter the gateway.
You enter a bailey!
Found a gate leading back out of this place.
There is an empty arch of ancient stone here. 2 orc warriors come into view.
You conjure some foxfire!
The orc warrior shouts!
You conjure some foxfire!
The foxfire hits the orc warrior but does no damage.
The foxfire hits the orc warrior.
You conjure some foxfire!
The foxfire hits the orc warrior but does no damage.
You conjure some foxfire!
The foxfire hits the orc warrior.
The foxfire hits the orc warrior but does no damage.
The foxfire hits the orc warrior.
You conjure some foxfire!
The foxfire hits the orc warrior. x2
You conjure some foxfire!
The foxfire hits the orc warrior!
The foxfire hits the orc warrior but does no damage.
The orc warrior barely misses you.
You conjure some foxfire!
The foxfire hits the orc warrior but does no damage.
The orc warrior hits you from afar with a +0 glaive.
The orc warrior hits you from afar with a +0 glaive!
You take 20 damage, and have 62/82 hp.
MASSIVE DAMAGE!!
You conjure some foxfire!
The foxfire hits the orc warrior but does no damage. x3
The orc warrior hits you from afar with a +0 glaive.
The orc warrior barely misses you.
You take 6 damage, and have 56/82 hp.
You conjure some foxfire!
The foxfire hits the orc warrior but does no damage.
The foxfire hits the orc warrior.
The orc warrior hits you from afar with a +0 glaive. x2
You take 11 damage, and have 45/82 hp.
You are too injured to fight recklessly!
You are too injured to fight recklessly!
You are too injured to fight recklessly!
The foxfire hits the orc warrior but does no damage.
The orc warrior attacks as it pursues you!
The orc warrior misses you.
The orc warrior attacks as it pursues you!
The orc warrior hits you from afar with a +0 glaive!
You take 14 damage, and have 32/82 hp.
Casting: Foxfire (safe; 1% risk of failure)
Confirm with . or Enter, or press ? or * to list all spells.
Aiming: Petrify (dangerous; 4% risk of failure)
Press: ? - help, Shift-Dir - straight line, f - orc warrior
Aim: an orc warrior, wielding a +0 glaive and wearing a +0 chain mail (moderately wounded, chance to affect: 65%)
The orc warrior struggles to resist.
The orc warrior is moving more slowly.
You take 3 damage, and have 32/82 hp.
The orc warrior attacks as it pursues you!
The orc warrior misses you.
You regained 2 hp, and now have 35/82 hp.
The orc warrior stops moving altogether!
The orc warrior attacks as it pursues you!
The orc warrior hits you from afar with a +0 glaive!
There is an empty arch of ancient stone here.
You take 10 damage, and have 25/82 hp.
Casting: Petrify (dangerous; 4% risk of failure)
Confirm with . or Enter, or press ? or * to list all spells.
Aiming: Sandblast (safe; 1% risk of failure)
Press: ? - help, Shift-Dir - straight line, f/p - orc warrior
Aim: an orc warrior, wielding a +0 glaive and wearing a +0 chain mail (moderately wounded, 82% to hit)
The blast of sand hits the orc warrior.
The orc warrior closely misses you.
The orc warrior hits you from afar with a +0 glaive!
* * * LOW HITPOINT WARNING * * *
You take 15 damage, and have 11/82 hp.
Casting: Sandblast (safe; 1% risk of failure)
Confirm with . or Enter, or press ? or * to list all spells.
Aiming: Sandblast (safe; 1% risk of failure)
Press: ? - help, Shift-Dir - straight line, f/p - orc warrior
Aim: an orc warrior, wielding a +0 glaive and wearing a +0 chain mail (heavily wounded, 82% to hit)
The blast of sand hits the orc warrior but does no damage.
* * * LOW HITPOINT WARNING * * *
The orc warrior hits you from afar with a +0 glaive!
You die...

♣≈≈≈≈≈♣ #♣.≈≈≈≈≈♣♣
#...≈≈≈≈≈♣
##.♣..≈≈≈≈♣.
###.....≈≈≈≈..
♣♣♣....♣..≈≈≈≈.♣
♣♣.........≈≈≈≈..
♣.........######...
♣.@∩o..............
♣......o...........
♣..................
♣..∩...............
♣.........######...
♣♣......♣..≈ ..
♣♣♣...♣♣..≈≈ #
###.....≈≈


You could see 2 orc warriors.

Vanquished Creatures
  A hornet (D:7)
  Sigmund (D:2)
  2 water moccasins
  2 orc warriors
  2 ice beasts
  2 sky beasts
  2 black bears
  An ogre (D:6)
  A centaur (D:8)
  A phantom (D:5)
  2 kobold brigands (D:6)
  2 bullfrogs (D:8)
  A gnoll sergeant (D:5)
  A scorpion (D:6)
  3 bombardier beetles (D:5)
  5 hounds
  2 jellies
  A gnoll bouda (D:6)
  2 orc priests
  2 sleepcaps
  7 iguanas
  9 orc wizards
  Natasha (thrice) (D:2)
  15 gnolls
  4 adders
  3 shadow imps
  A white imp (D:7)
  2 ribbon worms
  2 dart slugs
  26 orcs
  6 bats
  9 endoplasms
  4 giant cockroaches
  18 goblins
  14 hobgoblins
  4 jackals (D:4)
  14 kobolds
  2 quokkas (D:5)
  13 ball pythons
  3 frilled lizards
  5 rats
200 creatures vanquished.

Vanquished Creatures (collateral kills)
  A foxfire (D:6)
1 creature vanquished.

Vanquished Creatures (others)
  1052 foxfires
1052 creatures vanquished.

Grand Total: 1253 creatures vanquished

Notes
Turn   | Place    | Note
-------+----------+-------------------------------------------
     0 | D:1      | IndexError the Djinni Fire Elementalist began the quest for
                  | the Orb.
     0 | D:1      | IndexError set off with the following spells memorised:
                  | Foxfire, Scorch, Volatile Blastmotes, Inner Flame, Flame
                  | Wave.
     0 | D:1      | Reached XP level 1. HP: 15/15 MP: 0/0
    61 | D:1      | Reached XP level 2. HP: 19/22 MP: 0/0
   102 | D:1      | Reached skill level 1 in Fighting
   278 | D:1      | Reached XP level 3. HP: 20/28 MP: 0/0
   278 | D:1      | Learned a level 1 spell: Sandblast
   387 | D:1      | Reached skill level 2 in Fighting
   908 | D:2      | Found Jeosem's Antique Weapon Shop.
   979 | D:2      | Reached XP level 4. HP: 29/34 MP: 0/0
  1076 | D:2      | Noticed Natasha
  1079 | D:2      | Killed Natasha
  1080 | D:2      | Reached skill level 3 in Fighting
  1132 | D:2      | Noticed a black bear
  1138 | D:2      | Killed a black bear
  1139 | D:2      | Reached skill level 4 in Fighting
  1139 | D:2      | Reached XP level 5. HP: 36/41 MP: 0/0
  1139 | D:2      | Learned a level 2 spell: Lesser Beckoning
  1249 | D:2      | Found Qywi Bur's Book Boutique.
  1273 | D:2      | Noticed Natasha
  1276 | D:2      | Reached XP level 6. HP: 44/47 MP: 0/0
  1279 | D:2      | Killed Natasha
  1280 | D:2      | Reached skill level 4 in Spellcasting
  1280 | D:2      | Reached skill level 4 in Conjurations
  1280 | D:2      | Reached skill level 4 in Hexes
  1280 | D:2      | Reached skill level 4 in Summonings
  1280 | D:2      | Reached skill level 4 in Necromancy
  1280 | D:2      | Reached skill level 4 in Translocations
  1280 | D:2      | Reached skill level 4 in Fire Magic
  1280 | D:2      | Reached skill level 4 in Ice Magic
  1280 | D:2      | Reached skill level 4 in Air Magic
  1280 | D:2      | Reached skill level 4 in Earth Magic
  1280 | D:2      | Reached skill level 4 in Alchemy
  1339 | D:2      | Noticed Natasha
  1343 | D:2      | Killed Natasha
  1512 | D:2      | Found Lopoj's Armour Emporium.
  1550 | D:2      | Noticed Sigmund
  1561 | D:2      | Killed Sigmund
  1562 | D:2      | Reached skill level 5 in Fighting
  1562 | D:2      | Reached XP level 7. HP: 34/54 MP: 0/0
  1562 | D:2      | Learned a level 3 spell: Frozen Ramparts
  1635 | D:2      | Found Ruloscha's Magic Scroll Shoppe.
  2043 | D:3      | Found a hide-covered altar of Uskayaw.
  2098 | D:3      | Found a burning altar of Makhleb.
  2300 | D:3      | Found a hazy altar of Hepliaklqana.
  2344 | D:3      | Found an ornate altar of the Wu Jian Council.
  2732 | D:3      | Found a blossoming altar of Fedhas.
  3009 | D:3      | Became a worshipper of Makhleb the Destroyer
  3047 | D:4      | Reached skill level 6 in Fighting
  3354 | D:4      | Found a stormy altar of Qazlal.
  3355 | D:4      | Found a glowing silver altar of Zin.
  3391 | D:4      | Reached * piety under Makhleb
  3396 | D:4      | Reached XP level 8. HP: 42/62 MP: 0/0
  3773 | D:5      | Entered Level 5 of the Dungeon
  3839 | D:5      | Reached skill level 7 in Fighting
  3839 | D:5      | Reached skill level 5 in Spellcasting
  3839 | D:5      | Reached skill level 5 in Conjurations
  3839 | D:5      | Reached skill level 5 in Hexes
  3839 | D:5      | Reached skill level 5 in Summonings
  3839 | D:5      | Reached skill level 5 in Necromancy
  3839 | D:5      | Reached skill level 5 in Translocations
  3839 | D:5      | Reached skill level 5 in Fire Magic
  3839 | D:5      | Reached skill level 5 in Ice Magic
  3839 | D:5      | Reached skill level 5 in Air Magic
  3839 | D:5      | Reached skill level 5 in Earth Magic
  3839 | D:5      | Reached skill level 5 in Alchemy
  4226 | D:5      | Reached ** piety under Makhleb
  4227 | D:5      | Reached skill level 8 in Fighting
  4327 | D:5      | HP: 16/65 [gnoll/+4 spear[a gnoll sergeant] (6)]
  4329 | D:5      | Reached XP level 9. HP: 17/71 MP: 0/0
  4329 | D:5      | Learned a level 4 spell: Petrify
  5156 | D:6      | Found a staircase to the Ecumenical Temple.
  5228 | D:6      | Reached skill level 9 in Fighting
  5257 | D:6      | Reached skill level 6 in Spellcasting
  5257 | D:6      | Reached skill level 6 in Conjurations
  5257 | D:6      | Reached skill level 6 in Hexes
  5257 | D:6      | Reached skill level 6 in Summonings
  5257 | D:6      | Reached skill level 6 in Necromancy
  5257 | D:6      | Reached skill level 6 in Translocations
  5257 | D:6      | Reached skill level 6 in Fire Magic
  5257 | D:6      | Reached skill level 6 in Ice Magic
  5257 | D:6      | Reached skill level 6 in Air Magic
  5257 | D:6      | Reached skill level 6 in Earth Magic
  5257 | D:6      | Reached skill level 6 in Alchemy
  5404 | D:6      | Found a transporter.
  5414 | D:6      | Found a transporter.
  5416 | D:6      | Noticed anet's ghost (novice HOCj)
  5986 | D:6      | Reached skill level 10 in Fighting
  6515 | D:7      | Noticed a hornet
  6524 | D:7      | Killed a hornet
  6524 | D:7      | Reached *** piety under Makhleb
  6541 | D:7      | Reached XP level 10. HP: 65/81 MP: 0/0
  7228 | D:8      | Found a staircase to the Lair.
  7453 | D:8      | Reached skill level 11 in Fighting
  7624 | D:8      | Found a flagged portal.
  7639 | Bailey   | Entered a bailey
  7669 | Bailey   | HP: 11/82 [orc warrior/+0 glaive (16)]
  7670 | Bailey   | Slain by an orc warrior

Illustrated notes

Levels and vault maps discovered:
D:1:      dpeg_arrival_tiny_a, layout_rooms, minmay_distorted
D:2:      layout_rooms, serial_shops, nicolae_shop_window_shopping, shop,
          nicolae_shop_crystal, shop, chequers_serial_rivers_micro_e,
          minmay_hexomino_u4, uniq_natasha, uniq_sigmund
D:3:      layout_loops_cross, lemuel_tele_altar, mainiacjoe_overflow_alcove_1,
          nicolae_wu_jian_immortal_techniques,
          mainiacjoe_overflow_six_doors_small,
          mainiacjoe_overflow_large_starburst,
          mainiacjoe_sewer_entry_somewhere_in_here_1
D:4:      layout_rooms, nicolae_overflow_two_pavilions
D:5:      layout_layer_cave, minmay_circle_x
D:6:      cheibrodos_thug_alley, layout_basic, minmay_temple_entry_mist,
          gammafunk_ghost_arena
D:7:      layout_cave_pods, minmay_misc_feat_x, moated_statue
D:8:      nicolae_cairo_tiling_very_big, layout_basic, enter_bailey_6,
          minivault_10
Bailey:   bailey_polearm_elven_captive_hellmonk, bailey

Skill      XL: |  1  2  3  4  5  6  7  8  9 10 |
---------------+-------------------------------+-----
Fighting       | 1 2 4 5 6 8 10 11 | 11.1
Spellcasting   | 4 5 6 |  6.9
Conjurations   | 4 5 6 |  6.9
Hexes          | 4 5 6 |  6.9
Summonings     | 4 5 6 |  6.9
Necromancy     | 4 5 6 |  6.9
Translocations | 4 5 6 |  6.9
Fire Magic     | 4 5 6 |  6.9
Ice Magic      | 4 5 6 |  6.9
Air Magic      | 4 5 6 |  6.9
Earth Magic    | 4 5 6 |  6.9
Alchemy        | 4 5 6 |  6.9
Dodging        | |  2.1
Stealth        | |  1.5

Action                     |  1- 3 |  4- 6 |  7- 9 | 10-12 || total
---------------------------+-------+-------+-------+-------++-------
   Cast: Foxfire           |   105 |    80 |   391 |    55 ||   631
         Scorch            |       |     1 |    15 |     1 ||    17
         Sandblast         |       |       |    25 |     3 ||    28
         Flame Wave        |       |       |     4 |       ||     4
         Frozen Ramparts   |       |       |     4 |       ||     4
         Petrify           |       |       |       |     1 ||     1
 Armour: Robe              |     5 |     4 |    51 |    18 ||    78
  Dodge: Dodged            |     5 |     5 |    39 |    10 ||    59

Table legend: (Time is in decaauts)
 A = Elapsed time spent in this place.
 B = Non-inter-level travel time spent in this place.
 C = Inter-level travel time spent in this place.
 D = Time resting spent in this place.
 E = Time spent auto-exploring this place.
 F = Levels seen in this place.
 G = Mean time per level.
                   A        B        C        D        E       F      G
               +--------+--------+--------+--------+--------+-----+--------+
         Total |   7686 |   6853 |    833 |      4 |   5269 |   9 |  854.0 |
       Dungeon |   7654 |   6821 |    833 |      4 |   5260 |   8 |  956.8 |
        Bailey |     31 |     31 |      0 |      0 |      9 |   1 |   31.0 |
               +--------+--------+--------+--------+--------+-----+--------+

Top non-repeatable levels by time:
     D:5: 1326 daAuts
     D:3: 1218 daAuts
     D:6: 1082 daAuts
     D:2: 966 daAuts
     D:7: 965 daAuts
     D:1: 879 daAuts
     D:4: 756 daAuts
     D:8: 458 daAuts
  Bailey: 31 daAuts

Levels and vault maps discovered:
D:1:      dpeg_arrival_tiny_a, layout_rooms, minmay_distorted
D:2:      layout_rooms, serial_shops, nicolae_shop_window_shopping, shop,
          nicolae_shop_crystal, shop, chequers_serial_rivers_micro_e,
          minmay_hexomino_u4, uniq_natasha, uniq_sigmund
D:3:      layout_loops_cross, lemuel_tele_altar, mainiacjoe_overflow_alcove_1,
          nicolae_wu_jian_immortal_techniques,
          mainiacjoe_overflow_six_doors_small,
          mainiacjoe_overflow_large_starburst,
          mainiacjoe_sewer_entry_somewhere_in_here_1
D:4:      layout_rooms, nicolae_overflow_two_pavilions
D:5:      layout_layer_cave, minmay_circle_x
D:6:      cheibrodos_thug_alley, layout_basic, minmay_temple_entry_mist,
          gammafunk_ghost_arena
D:7:      layout_cave_pods, minmay_misc_feat_x, moated_statue
D:8:      nicolae_cairo_tiling_very_big, layout_basic, enter_bailey_6,
          minivault_10
Bailey:   bailey_polearm_elven_captive_hellmonk, bailey

Table legend: (Time is in decaauts)
 A = Elapsed time spent in this place.
 B = Non-inter-level travel time spent in this place.
 C = Inter-level travel time spent in this place.
 D = Time resting spent in this place.
 E = Time spent auto-exploring this place.
 F = Levels seen in this place.
 G = Mean time per level.
                   A        B        C        D        E       F      G
               +--------+--------+--------+--------+--------+-----+--------+
         Total |   7686 |   6853 |    833 |      4 |   5269 |   9 |  854.0 |
       Dungeon |   7654 |   6821 |    833 |      4 |   5260 |   8 |  956.8 |
        Bailey |     31 |     31 |      0 |      0 |      9 |   1 |   31.0 |
               +--------+--------+--------+--------+--------+-----+--------+

Top non-repeatable levels by time:
     D:5: 1326 daAuts
     D:3: 1218 daAuts
     D:6: 1082 daAuts
     D:2: 966 daAuts
     D:7: 965 daAuts
     D:1: 879 daAuts
     D:4: 756 daAuts
     D:8: 458 daAuts
  Bailey: 31 daAuts

Table legend:
 A = Kills in this place as a percentage of kills in the entire game.
 B = Kills by you in this place as a percentage of kills by you in the entire game.
 C = Kills by friends in this place as a percentage of kills by friends in the entire game.
 D = Other kills in this place as a percentage of other kills in the entire game.
 E = Experience gained in this place as a percentage of experience gained in the entire game.
 F = Experience gained in this place divided by the number of levels of this place that you have seen.
                   A       B       C       D       E      F
               +-------+-------+-------+-------+-------+----------------------
         Total | 100.0 | 100.0 |   N/A |   N/A | 100.0 | 513.2
       Dungeon | 100.0 | 100.0 |   N/A |   N/A | 100.0 | 577.4
               +-------+-------+-------+-------+-------+----------------------
